 Dungeon Crawl Stone Soup version 0.22.1-2-g9c5b331 (console) character file.

432 erker the Slasher (level 6, -6/56 HPs)
             Began as a Deep Dwarf Fighter on Jan 5, 2019.
             Killed from afar by Dowan (13 damage)
             ... with a stone arrow
             ... on level 4 of the Dungeon.
             The game lasted 00:11:20 (2553 turns).

erker the Slasher (Deep Dwarf Fighter)              Turns: 2553, Time: 00:11:20

Health: -6/56      AC: 14    Str: 21    XL:     6   Next: 67%
Magic:  6/6        EV:  6    Int:  9    God:
Gold:   185        SH: 10    Dex: 12    Spells: 5/5 levels left

rFire    . . .     SeeInvis .   a - +0 long sword
rCold    + . .     Gourm    .   c - +0 shield
rNeg     . . .     Faith    .   k - +0 chain mail
rPois    .         Spirit   .   s - +0 helmet (curse)
rElec    .         Reflect  .   o - +0 cloak
rCorr    +         Harm     .   t - +0 pair of gloves
MR       .....                  m - +0 pair of boots
Stlth    ..........             (no amulet)
HPRegen  0.00/turn              h - ring of resist corrosion
MPRegen  0.10/turn              p - ring of protection from cold

@: non-regenerating
A: damage resistance, heal wounds, sense surroundings 1, no regeneration
a: Heal Wounds


You were on level 4 of the Dungeon.
You were very hungry.

You visited 1 branch of the dungeon, and saw 4 of its levels.

You collected 185 gold pieces.

Inventory:

Hand Weapons
 a - a +0 long sword (weapon)
Missiles
 i - 5 javelins (quivered)
Armour
 b - a +0 scale mail
 c - a +0 shield (worn)
 k - a +0 chain mail (worn)
 m - a +0 pair of boots (worn)
 o - a +0 cloak (worn)
 s - a cursed +0 helmet (worn)
 t - a +0 pair of gloves (worn)
Jewellery
 h - a ring of resist corrosion (left hand)
 p - a ring of protection from cold (right hand)
Scrolls
 j - 4 scrolls of identify {unknown}
 l - a scroll of enchant armour {unknown}
 n - a scroll of enchant weapon {unknown}
 q - a scroll of teleportation {unknown}
Potions
 d - a potion of might
 e - 2 potions of curing
 g - a potion of cancellation {unknown}
 r - 2 potions of lignification {unknown}
Comestibles
 f - 8 rations


   Skills:
 + Level 3.3 Fighting
 * Level 5.4 Long Blades
 + Level 0.1 Throwing
 + Level 4.2 Armour
 + Level 1.8 Dodging
 + Level 4.4 Shields


You had 5 spell levels left.
You didn't know any spells.
Your spell library was empty.

Dungeon Overview and Level Annotations

Branches:
Dungeon (4/15)
 Temple: D:4-7

Altars:
Qazlal

Annotations:
D:4 Dowan; diana's ghost, amateur DsAs


Innate Abilities, Weirdness & Mutations

You are resistant to damage.
You can heal yourself by infusing magical energy.
You passively map a small area around you.
You do not regenerate.


Message History

You block Dowan's attack. Dowan hits you but does no damage.
You hit Dowan.
Dowan is severely wounded.
You block Dowan's attack. Dowan hits you but does no damage.
You hit Dowan.
Dowan is severely wounded.
Dowan hits you but does no damage.
You miss Dowan.
Dowan is severely wounded.
Dowan barely misses you.
You riposte.
You completely miss Dowan.
Dowan is severely wounded.
Dowan hits you but does no damage.
You slash Dowan!
Dowan is almost dead.
Dowan casts a spell at you. The stone arrow hits you!
* * * LOW HITPOINT WARNING * * *
Dowan points at you and mumbles some strange words.
The stone arrow hits you!
You die...

#.##..##$)###..
#.$##.#
#..#...#** ...
#.##...
#..##.... ...
*..# .
#...#,... ..
.## ,
#.#.#*...,. ..
*, #.#..# * *
.# , #.##..., ,
, #.#########.#
* #.....@e(..(#
#######.#####
.# .# , .# *,
.# *.# * * * .#
,


You could see Dowan.

Vanquished Creatures
  Duvessa (D:4)
  A scorpion (D:3)
  Natasha (thrice) (D:3)
  10 adders
  3 gnolls (D:2)
  A howler monkey skeleton (D:4)
  An adder skeleton (D:3)
  2 worms
  A dart slug (D:1)
  A leopard gecko (D:3)
  6 orcs
  9 bats
  5 giant cockroaches
  6 goblins
  8 hobgoblins
  2 jackals (D:2)
  4 ball pythons
  6 frilled lizards
  5 kobolds
  8 rats
83 creatures vanquished.

Notes
Turn   | Place    | Note
-------+----------+-------------------------------------------
     0 | D:1      | erker the Deep Dwarf Fighter began the quest for the Orb.
     0 | D:1      | Reached XP level 1. HP: 20/20 MP: 1/1
   122 | D:1      | Reached XP level 2. HP: 27/27 MP: 2/2
   565 | D:2      | Reached XP level 3. HP: 18/34 MP: 3/3
   622 | D:2      | Reached skill level 3 in Long Blades
   622 | D:2      | Reached XP level 4. HP: 6/42 MP: 4/4
   862 | D:2      | Reached skill level 1 in Dodging
  1505 | D:2      | Reached XP level 5. HP: 29/49 MP: 5/5
  1768 | D:3      | Reached skill level 4 in Long Blades
  1925 | D:3      | Found a stormy altar of Qazlal.
  1927 | D:3      | Noticed Natasha
  1945 | D:3      | Killed Natasha
  2050 | D:3      | Noticed Natasha
  2076 | D:3      | Killed Natasha
  2076 | D:3      | Reached XP level 6. HP: 39/56 MP: 6/6
  2250 | D:3      | Noticed Natasha
  2264 | D:3      | Killed Natasha
  2291 | D:3      | Found a faded altar of an unknown god.
  2450 | D:4      | Reached skill level 5 in Long Blades
  2464 | D:4      | Noticed an ice beast
  2489 | D:4      | Noticed diana's ghost (amateur DsAs)
  2526 | D:4      | Noticed Duvessa
  2528 | D:4      | Noticed Dowan
  2538 | D:4      | Killed Duvessa
  2553 | D:4      | Killed from afar by Dowan

Skill      XL: |  1  2  3  4  5  6 |
---------------+-------------------+-----
Fighting       | 3 |  3.3
Long Blades    | 3 4 5 |  5.4
Dodging        | 1 |  1.8
Shields        | 4 |  4.4
Armour         | 4 |  4.2
Throwing       | |  0.1

Action                   |  1- 3 |  4- 6 || total
-------------------------+-------+-------++-------
Melee: Long sword        |    99 |   237 ||   336
Throw: Javelin           |       |     6 ||     6
 Abil: Heal Wounds       |       |     2 ||     2
  Use: Potion            |       |     3 ||     3
  Eat: Chunk             |       |     5 ||     5
Armor: Scale mail        |    43 |    12 ||    55
       Chain mail        |       |   113 ||   113
Dodge: Dodged            |    19 |    63 ||    82
Block: Shield            |    50 |   138 ||   188
       Rpst.: Long sword |     6 |    22 ||    28
